Construct Infanterie Kompanie
Selects Luftwaffe Battlegroup
Selects Luftwaffe Pioneer Support
Fallschirmpioneer Squad Paradrop
Fallschirmpioneer Squad Paradrop
Selects Reconnaissance Run
Fallschirmpioneer Squad Paradrop
Infanterie Officer Quarters
Fallschirmpioneer Squad Paradrop
Selects Fallschirmjäger Squad Paradrop
Fallschirmjäger Squad Paradrop
Construct Panzergrenadier Kompanie
Selects Fragmentation Bombs
Construct Panzer Kompanie
Selects LG40 Recoilless Gun Paradrop
Fallschirmjäger Squad Paradrop
Selects Infantry Reserves
Fallschirmjäger Squad Paradrop
Panzergrenadier Officer Quarters